 Dungeon Crawl Stone Soup version 0.28-a0-1629-gf728b707aa (webtiles) character file.

Game seed: 5158812332739276640

770030 comborobin the Wrestler (level 27, -8/261 (263) HPs)
             Began as a Troll Cinder Acolyte on Jan 24, 2022.
             Was the Champion of Cheibriados.
             Mangled by a skeletal warrior (18 damage)
             ... in the Vestibule of Hell on Jan 25, 2022.
             The game lasted 04:03:51 (70951 turns).

comborobin the Wrestler (Troll Cinder Acolyte)     Turns: 70951, Time: 04:03:51

HP:   -8/261 (263)  AC: 24    Str: 49      XL:     27
MP:   39/47         EV: 25    Int: 28 (29) God:    Cheibriados [******]
Gold: 4218          SH:  0    Dex: 19 (20) Spells: 1/50 levels left

rFire   . . .      SeeInvis .     - Unarmed
rCold   . . .      Faith    .   (shield currently unavailable)
rNeg    + + .      Spirit   .   (armour currently unavailable)
rPois   ∞          Reflect  .   (helmet currently unavailable)
rElec   +          Harm     +   (cloak currently unavailable)
rCorr   .          Rampage  .   (gloves unavailable)
Will    +++..      Archmagi +   (boots unavailable)
Stlth   ++........              q - amulet of Metiuph {Harm rElec Regen+ MP+9 Dex-4}
HPRegen 2.13/turn               p - ring of Vokh {*Slow rN++ AC+4 Str+4}
MPRegen 0.30/turn               E - ring of the Mage {Wiz Archmagi}

@: storm-form, wereblooded, flying, lightly drained, unable to read, very slow
A: cleaving, flying, large, unfitting armour, (claws 3), regeneration 1, (shaggy
fur 1), (tough skin 1), dopey 1, strong-willed 1, inability to read while
threatened
}: 9/15 runes: serpentine, barnacled, slimy, abyssal, demonic, glowing, magical,
fiery, dark
a: Blinkbolt, End Transformation, Renounce Religion, Bend Time, Temporal
Distortion, Slouch, Step From Time


You were in the Vestibule of Hell.
You worshipped Cheibriados.
Cheibriados was exalted by your worship.
You were a lightning-filled tempest!
You visited 12 branches of the dungeon, and saw 52 of its levels.
You visited Pandemonium 1 time, and saw 10 of its levels.
You visited the Abyss 1 time.
You also visited: Gauntlet, Ice Cave and Wizlab.

You collected 8027 gold pieces.
You spent 3809 gold pieces at shops.

Inventory:

Missiles
 n - 5 silver javelins
 B - 12 throwing nets (quivered)
 L - 71 large rocks
 S - 17 javelins
Armour
 b - +0 pearl dragon scales
 e - the +0 robe "Temnilam" {rC++ rN+ Int+6}
   (You found it on level 11 of the Dungeon)

   Int:       It affects your intelligence (+6).
   rC:        It greatly protects you from cold.
   rN:        It protects you from negative energy.
 u - a +2 robe of resistance
 x - a +2 troll leather armour (melded)
 F - a +0 kite shield (melded)
 J - the +3 hat of Pondering (melded) {ponderous, Will+ MP+10 Int+5}
   (You took it off Gastronok on level 2 of the Lair of Beasts)

   Int:       It affects your intelligence (+5).
   MP:        It affects your magic capacity (+10).
   Will:      It increases your willpower.
 Z - a +2 cloak of preservation (melded)
Magical Staves
 A - a staff of air (melded)
 D - a staff of earth
Jewellery
 a - the amulet "Sehenguy" {RegenMP +Blink +Inv Str+2 Int+3}
   (You found it on level 4 of the Shoals)

   [amulet of magic regeneration]

   It increases your rate of magic regeneration.
   Str:       It affects your strength (+2).
   Int:       It affects your intelligence (+3).
   +Inv:      It lets you turn invisible.
   +Blink:    It lets you blink.
 c - a +6 ring of intelligence
 j - the ring of the Tortoise {AC+8}
   (You took it off a deep elf master archer on level 3 of the Elven Halls)

   [ring of protection]

   AC:        It affects your AC (+8).
 p - the ring of Vokh (left fist) {*Slow rN++ AC+4 Str+4}
   (You took it off a minotaur in a Gauntlet)

   [ring of protection]

   AC:        It affects your AC (+4).
   Str:       It affects your strength (+4).
   rN:        It greatly protects you from negative energy.
   *Slow:     It may slow you when you take damage.
 q - the amulet of Metiuph (around neck) {Harm rElec Regen+ MP+9 Dex-4}
   (You bought it in a shop on level 1 of the Snake Pit)

   [amulet of regeneration]

   Dex:       It affects your dexterity (-4).
   rElec:     It insulates you from electricity.
   MP:        It affects your magic capacity (+9).
   Regen:     It increases your rate of health regeneration.
   Harm:      It increases damage dealt and taken.
 t - the ring "Idghaps" {Fly rPois Str+2}
   (You took it off a deep elf elementalist on level 3 of the Elven Halls)

   [ring of flight]

   Str:       It affects your strength (+2).
   rPois:     It protects you from poison.
   Fly:       It grants you flight.
 v - the ring of Oenomania {rN+ Int+6 SInv}
   (You found it in Pandemonium)

   [ring of intelligence]

   Int:       It affects your intelligence (+6).
   rN:        It protects you from negative energy.
   SInv:      It lets you see invisible.
 w - a ring of protection from cold
 E - the ring of the Mage (right fist) {Wiz Archmagi}
   (You found it on level 13 of the Dungeon)

   [ring of wizardry]

   It improves your spell success rate.
   Archmagi:  It increases the power of your magical spells.
 O - the ring of Melee {rF+ rN+ Str+6}
   (You took it off a cherub in Pandemonium)

   [ring of strength]

   Str:       It affects your strength (+6).
   rF:        It protects you from fire.
   rN:        It protects you from negative energy.
 U - the ring of the Coward {rF+ Will+ Int+6}
   (You took it off a tengu conjurer on level 14 of the Dungeon)

   [ring of willpower]

   Int:       It affects your intelligence (+6).
   rF:        It protects you from fire.
   Will:      It increases your willpower.
Wands
 d - a wand of iceblast (47)
 f - a wand of polymorph (14)
 g - a wand of flame (24)
 s - a wand of acid (39)
 K - a wand of paralysis (7)
 M - a wand of charming (14)
Scrolls
 y - 12 scrolls of fog
 z - 12 scrolls of immolation
 C - 7 scrolls of fear
 G - a scroll of holy word
 H - 18 scrolls of teleportation
 Q - 3 scrolls of magic mapping
 V - 7 scrolls of amnesia
 X - 11 scrolls of blinking
 Y - a scroll of silence
Potions
 h - 5 potions of mutation
 i - 7 potions of brilliance
 k - 8 potions of invisibility
 l - 5 potions of flight
 m - 9 potions of might
 o - 7 potions of ambrosia
 r - 22 potions of curing
 I - 7 potions of magic
 N - 6 potions of resistance
 P - 4 potions of attraction
 R - 9 potions of lignification
 T - 4 potions of cancellation
 W - 13 potions of heal wounds


   Skills:
 - Level 13.9 Fighting
 - Level 6.0 Throwing
 - Level 3.0 Armour
 - Level 8.2 Dodging
 - Level 9.0 Shields
 - Level 26.9 Unarmed Combat
 - Level 12.0 Spellcasting
 - Level 13.8 Necromancy
 - Level 8.0 Translocations
 - Level 14.3 Transmutations
 - Level 2.1 Fire Magic
 + Level 4.1 Air Magic
 - Level 10.7 Earth Magic
 - Level 13.0 Invocations
 - Level 2.4 Evocations


You had one spell level left.
You knew the following spells:

 Your Spells              Type           Power      Damage    Failure   Level
b - Blink                 Tloc           100%       N/A       1%          2
g - Sublimation of Blood  Necr           96%        N/A       0%          2
h - Passage of Golubria   Tloc           75%        N/A       1%          4
o - Ozocubu's Armour      Ice            25%        N/A       4%          3
w - Passwall              Tmut/Erth      76%        N/A       1%          2
A - Apportation           Tloc           100%       N/A       1%          1
D - Dragon Form           Tmut           49%        N/A       3%          7
M - Manifold Assault      Tloc           75%        N/A       1%          5
N - Necromutation         Tmut/Necr      48%        N/A       26%         8
R - Storm Form            Tmut/Air       40%        N/A       26%         7
S - Wereblood             Tmut           98%        N/A       0%          2
T - Statue Form           Tmut/Erth      61%        N/A       1%          6

Your spell library contained the following spells:

 Spells                   Type           Power      Damage    Failure   Level
 Animate Skeleton         Necr           100%       N/A       0%          1
 Beastly Appendage        Tmut           100%       N/A       0%          1
 Pain                     Necr           100%       1d9       0%          1
 Foxfire                  Conj/Fire      100%       2x1d9     1%          1
 Freeze                   Ice            100%       1d11      1%          1
 Sandblast                Erth           100%       2d20      1%          1
 Shock                    Conj/Air       100%       1d9       1%          1
 Slow                     Hex            100%       N/A       1%          1
 Sting                    Tmut/Pois      100%       1d8       1%          1
 Summon Small Mammal      Summ           100%       N/A       1%          1
 Corpse Rot               Necr/Air       100%       N/A       1%          2
 Ensorcelled Hibernation  Hex/Ice        50%        N/A       1%          2
 Poisonous Vapours        Pois/Air       84%        N/A       1%          2
 Scorch                   Fire           86%        2d9       1%          2
 Gell's Gravitas          Tloc           75%        N/A       1%          3
 Ignite Poison            Fire/Tmut/Pois 64%        N/A       1%          3
 Lesser Beckoning         Tloc           75%        N/A       1%          3
 Portal Projectile        Hex/Tloc       100%       N/A       1%          3
 Spider Form              Tmut/Pois      71%        N/A       1%          3
 Stone Arrow              Conj/Erth      100%       3d13      1%          3
 Swiftness                Air            56%        N/A       1%          3
 Teleport Other           Tloc           75%        N/A       1%          3
 Anguish                  Hex/Necr       35%        N/A       1%          4
 Animate Armour           Summ/Erth      100%       N/A       1%          4
 Animate Dead             Necr           48%        N/A       1%          4
 Dispel Undead            Necr           96%        3d30      1%          4
 Leda's Liquefaction      Hex/Erth       31%        N/A       1%          4
 Agony                    Necr           96%        N/A       1%          5
 Alistair's Intoxication  Tmut/Pois      47%        N/A       1%          5
 Blade Hands              Tmut           49%        N/A       1%          5
 Excruciating Wounds      Necr           48%        N/A       1%          5
 Yara's Violent Unravell  Hex/Tmut       35%        3d14      1%          5
 Death Channel            Necr           48%        N/A       1%          6
 Conjure Flame            Conj/Fire      34%        6-21      2%          3
 Inner Flame              Hex/Fire       34%        N/A       2%          3
 Mephitic Cloud           Conj/Pois/Air  36%        N/A       2%          3
 Airstrike                Air            28%        N/A       2%          4
 Iskenderun's Mystic Bla  Conj/Tloc      56%        2d12      2%          4
 Call Canine Familiar     Summ           25%        N/A       4%          3
 Dazzling Flash           Conj/Hex       50%        N/A       4%          3
 Frozen Ramparts          Ice            50%        1d7       4%          3
 Summon Guardian Golem    Hex/Summ       25%        N/A       4%          3
 Tukima's Dance           Hex            25%        N/A       4%          3
 Summon Lightning Spire   Summ/Air       42%        N/A       6%          4
 Summon Forest            Summ/Tloc      28%        N/A       7%          5
 Dispersal                Tloc           37%        N/A       8%          6
 Sticky Flame             Conj/Fire      34%        2d5       9%          4
 Eringya's Noxious Bog    Tmut/Pois      35%        N/A       11%         6
 Simulacrum               Ice/Necr       35%        N/A       12%         6
 Hailstorm                Conj/Ice       25%        3d7       13%         4
 Olgreb's Toxic Radiance  Pois           25%        N/A       13%         4
 Summon Ice Beast         Ice/Summ       25%        N/A       13%         4
 Lightning Bolt           Conj/Air       21%        1d36      16%         5
 Silence                  Hex/Air        21%        N/A       16%         5
 Freezing Cloud           Conj/Ice/Air   18%        6-21      21%         5
 Borgnjor's Revivificati  Necr           48%        N/A       28%         8
 Infestation              Necr           48%        N/A       28%         8
 Metabolic Englaciation   Hex/Ice        12%        N/A       32%         5
 Summon Mana Viper        Hex/Summ       25%        N/A       32%         5
 Starburst                Conj/Fire      17%        6d6       75%         6
 Summon Cactus Giant      Summ           12%        N/A       86%         6
 Death's Door             Necr           48%        N/A       98%         9
 Monstrous Menagerie      Summ           12%        N/A       100%        7
 Orb of Destruction       Conj           12%        9d7       100%        7
 Spellforged Servitor     Conj/Summ      12%        N/A       100%        7
 Summon Hydra             Summ           12%        N/A       100%        7
 Lehudib's Crystal Spear  Conj/Erth      31%        10d8      100%        8
 Maxwell's Capacitive Co  Air            28%        ∞         100%        8
 Polar Vortex             Ice            12%        N/A       100%        9


Dungeon Overview and Level Annotations

Branches:
Dungeon (15/15)            Temple (1/1) D:6            Lair (6/6) D:8
 Shoals (4/4) Lair:3        Snake (4/4) Lair:2        Slime (5/5) Lair:6
    Orc (2/2) D:10            Elf (3/3) Orc:2        Vaults (4/5) D:13
  Crypt (3/3) Vaults:2       Tomb (0/3) Crypt:3      Depths (4/4) D:15
   Hell (1/1)               IceCv (visited)          WizLab (visited)
Gauntlet (visited)
    Dis: Hell:1         Geh: Hell:1         Coc: Hell:1         Tar: Hell:1
    Zot: Depths:4

Altars:
Ashenzari
Cheibriados
Dithmenos
Elyvilon
Fedhas
Gozag
Hepliaklqana
Kikubaaqudgha
Makhleb
Nemelex Xobeh
Okawaru
Qazlal
Ru
Sif Muna
Trog
Uskayaw
Vehumet
Wu Jian
Xom
Yredelemnul
Zin
The Shining One
Beogh

Shops:
D:6 *   D:10 (   D:12 [   D:15 *   Orc:2 :[*(   Elf:1 (   Shoals:4 !
Snake:1 [(:=!   Snake:2 =:=   Snake:3 (   Vaults:1 (*?   Depths:1 [

Portals:
Hell: Depths:1 Depths:2 Depths:3
Abyss: Depths:1 Depths:3
Pandemonium: Depths:2 Depths:3
Ziggurat: Depths:3

Annotations:
D:10 exclusion: downstairs
D:11 3 runed translucent doors, exclusion: 2 upstairs, IdlyInterested's ghost, journeyman DsGl
D:15 2 transporters, snackwell's ghost, legendary NaFi
Slime:5 1 exclusion
Depths:1 exclusion: door
Depths:3 5 exclusions
Hell Geryon


Innate Abilities, Weirdness & Mutations

You are a lightning-filled tempest!
Your electrical attacks strike out in all directions at once.
You are incredibly evasive.
You are flying.
You are immune to poison.
Your armour is entirely melded.
You are incapable of wielding weapons or throwing items.
You are too large for most types of armour.
((You have claws for hands.))
Your natural rate of healing is unusually fast.
((You are covered in fur. (AC +1)))
((You have tough skin. (AC +1)))
You are dopey. (Int -2)
You are strong-willed. (Will+)
You sometimes lose the ability to read scrolls when taking damage.


Message History

The hell beast barely misses you.
The hell beast tramples you but does no damage.
Unknown command.
Unknown command.
You blast the hell beast!!!!
You kill the hell beast!
The hell beast disappears in a puff of smoke!
You barely miss the reaper.
You blast the hell beast!!!!
You kill the hell beast!
The hell beast disappears in a puff of smoke!
You bellow as the wereblood boils in your veins!
You hear an angry squeal.
The reaper misses you.
A hell hog comes into view.
Unknown command.
Unknown command.
Unknown command.
You bellow as the wereblood boils in your veins!
The hell hog breathes fire at you.
The fireball explodes!
The fireball engulfs you!!
The reaper smiles without lips.
The reaper hits you from afar with a +1 scythe of protection.
The hell hog breathes fire at you.
The fireball explodes!
The fireball engulfs the hell hog.
The hell hog completely resists.
The fireball engulfs you!!
* * * LOW HITPOINT WARNING * * *
The skeletal warrior hits you but does no damage.
The reaper hits you from afar with a +1 scythe of protection!!
* * * LOW HITPOINT WARNING * * *
The hell hog closely misses you.
The skeletal warrior hits you with a +0 long sword!
* * * LOW HITPOINT WARNING * * *
You hear a roar!
You hear a shout!
There is a gateway back to the Dungeon here.
Unknown command.
The hell hog completely misses you.
The reaper hits you from afar with a +1 scythe of protection!!
* * * LOW HITPOINT WARNING * * *
The skeletal warrior hits you with a +0 long sword!
You die...

##...##
##..∩..##
##.......##
##.........##
##...........##
##.............#
#.....)z........
.......v.2......
.∩.....h.......∩
.......h........
#.....h&2.......
##.............#
##....h......##
##....2....##
##.......##
##..∩..##


You could see Geryon, 2 hell beasts, a reaper, a skeletal warrior and 4 hell
hogs.

Vanquished Creatures
  Cerebov (Pan)
  the Royal Jelly (Slime:5)
  Gloorx Vloq (Pan)
  Dissolution (Slime:4)
  Lom Lobon (Pan)
  Mnoleg (Pan)
  A seraph (Pan)
  Mennas (Vaults:2)
  2 pandemonium lords (Pan)
  Bai Suzhen (Shoals:4)
  A caustic shrike (Depths:3)
  Vashnia (Snake:4)
  Saint Roka (Vaults:1)
  Xtahua (Vaults:4)
  3 golden dragons
  Nikola (Elf:3)
  Jory (Depths:4)
  A Tzitzimitl (Pan)
  A profane servitor (Abyss:5)
  A pearl dragon (Pan)
  3 bone dragons
  4 Brimstone Fiends (Pan)
  7 liches
  A Hell Sentinel (Pan)
  3 tentacled monstrosities
  The ghost of ragingrage the Severer, an adept GrAr of Okawaru (Vaults:2)
  An Ice Fiend (Pan)
  A titan (Depths:3)
  A walking earthen tome (Depths:2)
  2 deep elf master archers (Elf:3)
  2 deep elf blademasters
  A quicksilver dragon (Depths:4)
  20 acid blobs
  A kraken (Shoals:4)
  9 ancient champions
  2 tentacled starspawn
  16 Executioners
  7 tengu reavers
  2 sphinxes
  Gastronok (Lair:2)
  6 revenants
  2 demonspawn warmongers (Pan)
  2 fire giants
  12 azure jellies
  10 rockslimes
  2 storm dragons (Depths:2)
  9 deep elf sorcerers
  9 nagarajas
  16 daevas (Pan)
  4 frost giants
  11 vault wardens
  Aizul (Shoals:2)
  17 balrugs
  9 cacodemons
  7 deep elf elementalists
  2 orc warlords
  5 curse skulls
  2 spriggan defenders
  27 angels (Pan)
  6 ghouls
  6 very ugly things
  6 demonspawn corrupters
  4 reapers
  A caustic shrike zombie (Crypt:3)
  2 juggernaut skeletons
  A war gargoyle (Vaults:1)
  8 ironbound preservers
  5 ironbound thunderhulks
  13 stone giants
  A caustic shrike skeleton (Pan)
  A draconian annihilator (Pan)
  17 ophanim (Pan)
  8 vampire knights
  13 quicksilver oozes
  23 starcursed masses (Abyss:5)
  Nessos (Orc:2)
  A black draconian (Depths:4)
  2 demonspawn black suns (Pan)
  29 apis (Pan)
  A yellow draconian (Depths:4)
  Azrael (Elf:2)
  6 lorocyprocas (Pan)
  A spark wasp (shapeshifter) (Depths:3)
  5 deep elf annihilators (Elf:3)
  A deep elf demonologist (Elf:3)
  7 dire elephants
  3 entropy weavers
  A minotaur (Gauntlet)
  12 deep elf death magi
  6 blizzard demons (Pan)
  4 eidola
  Snorg (Lair:3)
  7 ettins
  5 green deaths
  A crystal guardian (Vaults:2)
  3 merfolk javelineers
  9 merfolk impalers
  2 mummy priests (Crypt:3)
  3 fire dragons
  11 deep elf high priests
  Josephine (Lair:4)
  6 boulder beetles
  6 rakshasas
  2 peacekeepers
  13 jiangshi
  5 yaktaur captains
  10 hydras
  4 spriggan zombies
  Harold (D:9)
  7 ice dragons
  4 great orbs of eyes
  A caustic shrike simulacrum (Crypt:3)
  9 vault guards
  A hydra (shapeshifter) (D:11)
  3 salamander tyrants (Snake:4)
  11 naga warriors
  2 catoblepae
  An ogre mage (D:15)
  7 spriggan air magi
  10 ironbound frosthearts
  2 hell beasts (Pan)
  3 alligator snapping turtles (Shoals:4)
  14 anacondas
  4 merfolk avatars
  4 death knights
  14 centaur warriors
  A spriggan skeleton (Pan)
  2 fenstrider witch skeletons
  2 merfolk aquamancers
  8 two-headed ogres
  34 dancing weapons
  A deep troll shaman (Depths:1)
  4 satyrs
  3 tengu warriors
  15 death yaks
  9 vampire magi
  6 deep troll earth magi
  5 hell hogs
  A spriggan berserker (Depths:2)
  51 sun demons
  Nergalle (D:9)
  19 naga sharpshooters
  14 thrashing horrors (Abyss:5)
  3 titan zombies (Crypt:3)
  7 shock serpents
  Sonja (Orc:1)
  4 orc high priests
  A hell knight (WizLab)
  14 deep elf knights
  6 iron trolls
  12 sixfirhies
  12 wretched stars
  A fire crab (shapeshifter) (Elf:3)
  A storm dragon zombie (Crypt:3)
  6 shadow wraiths
  12 soul eaters
  19 cherubim (Pan)
  A fire crab (D:9)
  4 salamander mystics
  25 skeletal warriors
  3 spatial maelstroms (Abyss:5)
  A spriggan druid (WizLab)
  10 flayed ghosts
  9 sea snakes
  36 deep trolls
  A bunyip skeleton (Pan)
  15 glowing orange brains
  5 shadow demons
  17 wizards
  An anaconda skeleton (Hell)
  10 naga ritualists
  8 deep elf archers
  A bog body (Crypt:2)
  14 phantasmal warriors
  45 harpies
  7 ironbound convokers
  9 mana vipers
  9 orc knights
  28 deep elf pyromancers
  4 lindwurms (Vaults:2)
  22 deep elf zephyrmancers
  5 necromancers
  An eleionoma zombie (Crypt:2)
  8 orc sorcerers
  A golden dragon skeleton (Pan)
  2 oklob plants
  A will-o-the-wisp (Abyss:5)
  32 ugly things
  2 broodmother zombies (Crypt:3)
  16 salamanders
  2 stone giant zombies
  6 shining eyes
  A stone giant skeleton (Crypt:1)
  9 worldbinders
  15 fauns
  A shock serpent zombie (Crypt:2)
  4 cyclopes
  19 manticores
  A frost giant zombie (Crypt:1)
  A dire elephant zombie (Crypt:1)
  An ice statue (IceCv)
  15 orange demons
  11 naga magi
  9 merfolk sirens
  A guardian serpent (Snake:4)
  A rust devil (Depths:2)
  13 vault sentinels
  6 eyes of devastation
  A centaur skeleton (Pan)
  2 frost giant skeletons (Crypt:3)
  4 water nymphs
  35 black mambas
  An eleionoma skeleton (Crypt:1)
  2 apocalypse crabs (Abyss:5)
  28 smoke demons
  2 gargoyles
  Maggie (Lair:1)
  A shock serpent skeleton (Crypt:1)
  7 demonic crawlers (Pan)
  A dire elephant skeleton (Hell)
  16 cane toads
  A molten gargoyle (Depths:1)
  4 hellions
  2 rime drakes
  An elephant slug zombie (Crypt:2)
  An orb spider zombie (Crypt:1)
  13 komodo dragons
  2 yaktaurs (shapeshifter)
  An unseen horror (D:11)
  2 naga skeletons
  28 yaktaurs
  2 freezing wraiths (Crypt:2)
  An alligator snapping turtle skeleton (Crypt:1)
  8 efreet
  2 tormentors
  3 guardian mummies (Crypt:3)
  A harpy zombie (Crypt:3)
  5 tengu conjurers
  An ice devil (Depths:3)
  A white draconian skeleton (Crypt:2)
  17 hellwings
  A red draconian skeleton (Crypt:2)
  5 red devils (Pan)
  5 ancient zymes
  10 trolls
  6 meliai
  19 polar bears
  A queen bee (Lair:2)
  7 wind drakes
  21 merfolk
  2 harpy skeletons
  9 raiju (Abyss:5)
  5 blink frogs
  6 hornets
  3 dream sheep (Shoals:4)
  10 snapping turtles
  A raiju (shapeshifter) (D:14)
  A fire dragon zombie (Crypt:2)
  103 slime creatures
  A spriggan (shapeshifter) (D:15)
  Sigmund (D:4)
  5 flying skulls
  4 air elementals (Elf:1)
  A jumping spider (shapeshifter) (D:13)
  2 ettin skeletons
  21 water elementals
  2 spriggans (Depths:3)
  8 wyverns
  13 wraiths
  38 yaks
  11 ynoxinuls
  A black mamba skeleton (Crypt:1)
  An ushabti (Crypt:3)
  A dire elephant simulacrum (Crypt:1)
  2 fire bats
  32 golden eyes
  Grum (D:8)
  4 basilisks
  36 fire elementals
  6 redbacks
  12 vampire mosquitoes
  13 chaos spawn
  3 steam dragons
  19 neqoxecs
  42 nagas
  5 spatial vortices (Abyss:5)
  5 wargs
  Edmund (D:6)
  3 acid dragons
  A swamp worm (shapeshifter) (Depths:4)
  16 water moccasins
  A glowing shapeshifter zombie (Crypt:2)
  3 hell hounds
  A swamp drake (D:10)
  34 orc warriors
  3 floating eyes (Depths:3)
  A sky beast (D:7)
  13 ogres
  8 necrophages
  A swamp dragon zombie (Crypt:1)
  2 ice beasts
  A hornet zombie (D:8)
  8 boggarts
  66 large abominations
  19 wolves
  A phantom (D:4)
  7 centaurs
  23 small abominations
  An elf zombie (Crypt:3)
  5 kobold brigands
  9 bullfrogs
  2 earth elementals
  A gnoll sergeant (D:9)
  A wyvern zombie (D:8)
  A water moccasin zombie (D:6)
  A wyvern skeleton (D:5)
  27 killer bees
  A troll skeleton (Crypt:2)
  8 wights
  7 electric eels
  6 howler monkeys
  6 crimson imps (Pan)
  A bullfrog zombie (Crypt:1)
  8 centaur zombies
  7 hounds
  A lava snake (D:10)
  A gnoll shaman (D:8)
  A bullfrog skeleton (D:6)
  10 jellies
  A human zombie (Crypt:3)
  18 orc priests
  37 orc wizards
  Ijyb (D:5)
  4 iguanas
  A killer bee zombie (D:7)
  A deep dwarf zombie (Crypt:1)
  Robin (D:4)
  9 gnolls
  7 adders
  A shadow imp (D:7)
  An ufetubus (D:5)
  A worm zombie (Crypt:2)
  A lava snake zombie (Crypt:1)
  An adder skeleton (D:4)
  A lava snake skeleton (Crypt:2)
  2 worms
  2 dart slugs
  86 orcs
  2 ball pythons
  18 endoplasms
  2 giant cockroaches
  10 goblins
  8 hobgoblins
  3 jackals
  5 quokkas
  A ball python skeleton (Crypt:3)
  4 bats
  A dart slug zombie (Crypt:1)
  5 frilled lizards
  A frilled lizard zombie (Crypt:2)
  20 kobolds
  3 rats
  A rat skeleton (Crypt:1)
  A bush (Lair:6)
  2 lurking horrors (Abyss:5)
  A plant (Shoals:4)
  A tentacle (Shoals:4)
2673 creatures vanquished.

Vanquished Creatures (others)
  A thrashing horror (Abyss:5)
  A deep elf archer (Elf:1)
  A wizard (Depths:1)
  2 raiju (Abyss:5)
  A fire bat (Abyss:5)
  A small abomination (Abyss:5)
  A large abomination (Abyss:5)
  A quokka (Depths:4)
  15 foxfires (D:5)
  61 fungi
  A lurking horror (Abyss:5)
  152 plants
  3 tentacles (Shoals:4)
  5 withered plants (Crypt:3)
246 creatures vanquished.

Grand Total: 2919 creatures vanquished

Notes
Turn   | Place    | Note
-------+----------+-------------------------------------------
     0 | D:1      | comborobin the Troll Cinder Acolyte began the quest for the
                  | Orb.
     0 | D:1      | Reached XP level 1. HP: 22/22 MP: 1/1
   150 | D:2      | Reached XP level 2. HP: 29/29 MP: 2/2
   210 | D:4      | Reached skill level 4 in Unarmed Combat
   305 | D:4      | Noticed Sigmund
   314 | D:4      | Killed Sigmund
   315 | D:4      | Reached skill level 6 in Unarmed Combat
   315 | D:4      | Reached XP level 3. HP: 18/36 MP: 3/3
   315 | D:4      | Reached XP level 4. HP: 22/44 MP: 4/4
   315 | D:4      | Reached XP level 5. HP: 26/50 MP: 5/5
   405 | D:5      | Entered Level 5 of the Dungeon
   567 | D:5      | Noticed an ice beast
   585 | D:5      | Killed an ice beast
   586 | D:5      | Reached skill level 7 in Unarmed Combat
   586 | D:5      | Reached XP level 6. HP: 59/59 MP: 6/6
   595 | D:5      | Noticed Ijyb
   605 | D:5      | Killed Ijyb
   753 | D:5      | Reached skill level 8 in Unarmed Combat
   753 | D:5      | Reached XP level 7. HP: 54/66 MP: 7/7
   762 | D:6      | Found a staircase to the Ecumenical Temple.
   879 | D:7      | Reached skill level 9 in Unarmed Combat
  1033 | D:7      | Found an opulent altar of Gozag.
  1093 | D:7      | Found a broken altar of Ashenzari.
  1096 | D:7      | Found a blossoming altar of Fedhas.
  1096 | D:7      | Found a glowing golden altar of the Shining One.
  1096 | D:7      | Found a hide-covered altar of Uskayaw.
  1443 | D:7      | Reached XP level 8. HP: 67/74 MP: 8/8
  1621 | D:7      | Reached skill level 10 in Unarmed Combat
  1626 | D:7      | Gained mutation: You are robust. (+10% HP) [potion of
                  | mutation]
  1626 | D:7      | Gained mutation: Your movements are slightly less
                  | encumbered by armour. (ER -2) [potion of mutation]
  1626 | D:7      | Gained mutation: You are partially covered in iridescent
                  | scales. (AC +2) [potion of mutation]
  2163 | D:8      | Noticed a troll
  2256 | D:8      | Killed a troll
  2257 | D:8      | Reached skill level 11 in Unarmed Combat
  2339 | D:8      | Reached XP level 9. HP: 93/93 MP: 9/9
  2439 | D:8      | Reached skill level 1 in Dodging
  2463 | D:8      | Noticed Grum
  2467 | D:8      | Reached skill level 5 in Fighting
  2470 | D:8      | Killed Grum
  2642 | D:8      | Paralysed by a hornet for 2 turns
  2741 | D:8      | Found a staircase to the Lair.
  2778 | D:8      | Reached skill level 12 in Unarmed Combat
  3393 | D:9      | Found a runed translucent door.
  3393 | D:9      | Noticed a green ugly thing
  3394 | D:9      | Noticed a deep troll
  3400 | D:9      | Killed a green ugly thing
  3401 | D:9      | Reached XP level 10. HP: 105/105 MP: 10/10
  3407 | D:9      | Killed a deep troll
  3408 | D:9      | Reached skill level 5 in Dodging
  3448 | D:9      | Noticed a deep elf pyromancer
  3453 | D:9      | Killed a deep elf pyromancer
  3454 | D:9      | Reached skill level 13 in Unarmed Combat
  3458 | D:9      | Noticed a boulder beetle
  3469 | D:9      | Noticed a deep elf knight
  3475 | D:9      | Noticed a fire crab
  3478 | D:9      | Killed a boulder beetle
  3505 | D:9      | Noticed an eight-headed hydra
  3510 | D:9      | Found a runed translucent door.
  3883 | D:8      | Killed a deep elf knight
  3884 | D:8      | Reached skill level 14 in Unarmed Combat
  3925 | D:9      | Killed a fire crab
  4193 | D:9      | Noticed Harold
  4205 | D:9      | Killed Harold
  4206 | D:9      | Reached skill level 15 in Unarmed Combat
  4206 | D:9      | Reached XP level 11. HP: 82/112 MP: 11/11
  4356 | D:10     | Entered Level 10 of the Dungeon
  4356 | D:10     | Noticed Nergalle
  4364 | D:9      | Killed Nergalle
  4365 | D:9      | Reached skill level 1 in Armour
  4650 | D:10     | Learned a level 2 spell: Wereblood
  4661 | D:10     | Found the +4 robe of Augmentation {Str+4 Int+4 Dex+4}
  4955 | D:10     | Found Iremabid's Weapon Shoppe.
  5155 | D:10     | Noticed a two-headed ogre
  5160 | D:10     | Killed a two-headed ogre
  5161 | D:10     | Reached skill level 1 in Transmutations
  5165 | D:10     | Noticed a two-headed ogre
  5174 | D:10     | Killed a two-headed ogre
  5795 | D:11     | Noticed a four-headed hydra
  5829 | D:11     | Noticed a cyan ugly thing
  5880 | D:11     | Killed a four-headed hydra
  5881 | D:11     | Reached skill level 1 in Evocations
  5884 | D:11     | Noticed a boulder beetle
  5897 | D:11     | Killed a boulder beetle
  5898 | D:11     | Reached XP level 12. HP: 107/126 MP: 14/14
  6017 | D:11     | Identified the +0 robe "Temnilam" {rC++ rN+ Int+6}
  6078 | D:11     | Found a runed translucent gate.
  6079 | D:11     | Found a runed translucent gate.
  6080 | D:11     | Found a runed translucent gate.
  6080 | D:11     | Noticed IdlyInterested's ghost (journeyman DsGl)
  6105 | D:11     | Learned a level 5 spell: Manifold Assault
  6129 | D:11     | Learned a level 7 spell: Storm Form
  6369 | D:12     | Found Owkaf's Armour Shop.
  6378 | D:12     | Bought a +2 cloak for 198 gold pieces
  6627 | D:12     | Noticed an eight-headed hydra
  7093 | D:12     | Identified the +9 spear of Summer {protect, Will+ Stlth+}
  7125 | D:12     | Found an ornate altar of the Wu Jian Council.
  7580 | D:13     | Reached skill level 1 in Translocations
  7591 | D:13     | Found the ring of the Mage {Wiz Archmagi}
  7622 | D:13     | Reached skill level 1 in Throwing
  7651 | D:13     | Found a gate leading to a gauntlet.
  7669 | Gauntlet | Entered a Gauntlet
  7669 | Gauntlet | Found a large runed translucent door.
  7669 | Gauntlet | Found a large runed translucent door.
  7669 | Gauntlet | Found a large runed translucent door.
  7669 | Gauntlet | Found a large runed translucent door.
  7669 | Gauntlet | Found a large runed translucent door.
  7669 | Gauntlet | Found a large runed translucent door.
  7669 | Gauntlet | Found a runed translucent door.
  7669 | Gauntlet | Found a transporter.
  7669 | Gauntlet | Found a runed translucent door.
  7669 | Gauntlet | Found a large runed translucent door.
  7669 | Gauntlet | Found a large runed translucent door.
  7669 | Gauntlet | Found a large runed translucent door.
  7669 | Gauntlet | Found a large runed translucent door.
  7669 | Gauntlet | Found a large runed translucent door.
  7669 | Gauntlet | Found a large runed translucent door.
  7670 | Gauntlet | Found a large runed translucent door.
  7670 | Gauntlet | Found a large runed translucent door.
  7670 | Gauntlet | Found a large runed translucent door.
  7670 | Gauntlet | Found a large runed translucent door.
  7678 | Gauntlet | Found a runed translucent gate.
  7678 | Gauntlet | Found a runed translucent gate.
  7678 | Gauntlet | Found a transporter.
  7678 | Gauntlet | Found a runed translucent gate.
  7690 | Gauntlet | Found a transporter.
  7694 | Gauntlet | Found a transporter.
  7710 | Gauntlet | Found a transporter.
  7724 | Gauntlet | Found a transporter.
  7724 | Gauntlet | Noticed a blizzard demon
  7739 | Gauntlet | Found a transporter.
  7758 | Gauntlet | Found a transporter.
  7762 | Gauntlet | Found a transporter.
  7770 | Gauntlet | Found a transporter.
  7778 | Gauntlet | Noticed a boulder beetle
  7778 | Gauntlet | a tyrant leech changed into a boulder beetle
  7786 | Gauntlet | Noticed an alligator
  7786 | Gauntlet | a boulder beetle changed into an alligator
  7792 | Gauntlet | Noticed a satyr
  7792 | Gauntlet | an alligator changed into a satyr
  7794 | Gauntlet | Noticed a great orb of eyes
  7794 | Gauntlet | a satyr changed into a great orb of eyes
  7800 | Gauntlet | Found a transporter.
  7800 | Gauntlet | Found a transporter.
  7937 | Gauntlet | Identified the -3 pair of boots of Disappointment {rElec
                  | rC+ rN+ Int-5}
  7973 | Gauntlet | Identified the ring "Piorroerr" {Fire rElec SInv}
  8003 | Gauntlet | Identified the +2 short sword "Dashuepn" {vamp, rF+ rCorr}
  8003 | Gauntlet | Identified the ring of Vokh {*Slow rN++ AC+4 Str+4}
  8003 | Gauntlet | Noticed a minotaur
  8004 | Gauntlet | hey minotaur.your a dum bid
  8018 | Gauntlet | Killed a minotaur
  8449 | D:13     | Found a gate to the Vaults.
  8891 | D:14     | Noticed a centaur warrior
  8891 | D:14     | Noticed a centaur warrior
  8900 | D:14     | Killed a centaur warrior
  8901 | D:14     | Reached skill level 16 in Unarmed Combat
  8905 | D:14     | Killed a centaur warrior
  9199 | Temple   | Entered the Ecumenical Temple
  9255 | Temple   | Fell from the grace of Ignis
  9255 | Temple   | Became a worshipper of Cheibriados the Contemplative
  9302 | D:6      | Noticed Edmund
  9309 | D:6      | Killed Edmund
  9616 | D:1      | Reached * piety under Cheibriados
  9731 | D:1      | Found a faded altar of an unknown god.
 11125 | D:4      | Found a burning altar of Makhleb.
 11154 | D:4      | Reached XP level 13. HP: 136/136 MP: 16/16
 11158 | D:4      | Reached ** piety under Cheibriados
 11351 | D:4      | Noticed Robin
 11360 | D:4      | Killed Robin
 12560 | D:6      | Found Figethiff's Assorted Antiques.
 12565 | D:6      | Bought a golden potion for 23 gold pieces
 12566 | D:6      | Bought a murky silvery potion for 23 gold pieces
 12570 | D:6      | Bought a potion of lignification for 78 gold pieces
 12587 | D:6      | Found an ancient bone altar of Kikubaaqudgha.
 12645 | D:6      | Reached *** piety under Cheibriados
 13090 | D:9      | Learned a level 4 spell: Passage of Golubria
 13258 | D:10     | Found a staircase to the Orcish Mines.
 13613 | D:14     | Identified the ring of the Coward {rF+ Will+ Int+6}
 13697 | D:14     | Reached **** piety under Cheibriados
 14449 | D:15     | Entered Level 15 of the Dungeon
 14457 | D:14     | Reached skill level 1 in Invocations
 14759 | D:15     | Found a transporter.
 14759 | D:15     | Noticed snackwell's ghost (legendary NaFi)
 14772 | D:15     | Reached skill level 5 in Translocations
 14819 | D:15     | Noticed an ettin
 15131 | D:15     | Reached skill level 5 in Invocations
 15211 | D:15     | Found a transporter.
 15325 | D:15     | Reached skill level 1 in Shields
 15806 | D:15     | Killed an ettin
 15807 | D:15     | Reached XP level 14. HP: 124/146 MP: 18/18
 15883 | D:15     | Found a staircase to the Depths.
 16287 | D:15     | Found Gaokk's CLEARANCE SALE!.
 16459 | Depths:1 | Entered Level 1 of the Depths
 16549 | Depths:1 | Noticed a frost giant
 16559 | Depths:1 | Killed a frost giant
 16622 | Depths:1 | Noticed a lich
 16631 | Depths:1 | Killed a lich
 16680 | Depths:1 | Noticed a vampire knight
 16688 | Depths:1 | Killed a vampire knight
 16725 | Depths:1 | Noticed a stone giant
 16733 | Depths:1 | Killed a stone giant
 16768 | Depths:1 | Was forgiven by Ignis
 16892 | Depths:1 | Noticed a stone giant
 16901 | Depths:1 | Killed a stone giant
 17067 | Depths:1 | Noticed a vampire knight
 17239 | Orc:1    | Entered Level 1 of the Orcish Mines
 17276 | Orc:1    | Noticed Sonja
 17306 | Orc:1    | Killed Sonja
 17307 | Orc:1    | Reached skill level 1 in Air Magic
 17507 | Orc:1    | Reached ***** piety under Cheibriados
 17663 | Orc:1    | Learned a level 2 spell: Sublimation of Blood
 17676 | Orc:2    | Entered Level 2 of the Orcish Mines
 17880 | Orc:2    | Noticed Nessos
 18135 | Orc:2    | Killed Nessos
 18385 | Orc:2    | Found Musi's Antique Armour Shoppe.
 19079 | Orc:2    | Noticed an orc warlord
 19090 | Orc:2    | Killed an orc warlord
 19137 | Orc:2    | Found a staircase to the Elven Halls.
 19142 | Orc:2    | Bought a heavily jewelled robe for 188 gold pieces
 19142 | Orc:2    | Identified the +1 robe of Conscience {rC+ rN+ Dex-3} (You
                  | bought it in a shop on level 2 of the Orcish Mines)
 19149 | Orc:2    | Found Lud Fiuph's General Store.
 19157 | Orc:2    | Bought a potion of heal wounds for 80 gold pieces
 19157 | Orc:2    | Bought a potion of heal wounds for 80 gold pieces
 19157 | Orc:2    | Bought a potion of heal wounds for 80 gold pieces
 19322 | Orc:2    | Found Xetuolys's Antique Weapon Shop.
 19378 | Orc:2    | Found Kauleoh's Book Shop.
 19386 | Orc:2    | Bought Ajiocw's Papyrus of Doomed Earth for 448 gold pieces
 19774 | Lair:1   | Entered Level 1 of the Lair of Beasts
 19856 | Lair:1   | Learned a level 2 spell: Blink
 19880 | Lair:1   | Reached skill level 5 in Spellcasting
 19890 | Lair:1   | Noticed Maggie
 19895 | Lair:1   | Killed Maggie
 20343 | Lair:1   | Learned a level 6 spell: Statue Form
 20799 | Lair:2   | Reached XP level 15. HP: 155/157 MP: 21/21
 20802 | Lair:2   | Reached skill level 1 in Earth Magic
 20891 | Lair:2   | You fall into a shaft and drop 2 floors!
 21078 | Lair:3   | Found a staircase to the Shoals.
 21112 | Lair:3   | Found a frozen archway.
 21126 | IceCv    | Entered an ice cave
 21304 | IceCv    | Reached ****** piety under Cheibriados
 21695 | IceCv    | Reached skill level 5 in Transmutations
 22113 | Lair:3   | Found a hide-covered altar of Uskayaw.
 22449 | Lair:3   | Noticed Snorg
 22458 | Lair:3   | Killed Snorg
 23256 | Lair:4   | Noticed Josephine
 23292 | Lair:4   | Killed Josephine
 23293 | Lair:4   | Reached skill level 5 in Earth Magic
 24703 | Lair:6   | Entered Level 6 of the Lair of Beasts
 25020 | Lair:6   | Identified the +0 robe "Ikuy" {rElec Will- Int+2}
 25149 | Lair:6   | Reached skill level 5 in Shields
 25175 | Lair:6   | Reached XP level 16. HP: 163/165 MP: 24/24
 25685 | Depths:1 | Noticed a tengu reaver
 25695 | Depths:1 | Killed a tengu reaver
 25765 | Depths:1 | Noticed a tengu reaver
 25774 | Depths:1 | Killed a tengu reaver
 26249 | Depths:1 | awoo
 26331 | Depths:1 | Gained mutation: You tend to lose your temper in combat. [a
                  | shining eye]
 26335 | Depths:1 | Lost mutation: You are partially covered in iridescent
                  | scales. (AC +2) [potion of mutation]
 26335 | Depths:1 | Lost mutation: Your movements are slightly less encumbered
                  | by armour. (ER -2) [potion of mutation]
 26335 | Depths:1 | Gained mutation: You often lose your temper in combat.
                  | [potion of mutation]
 26336 | Depths:1 | Lost mutation: You are robust. (+10% HP) [potion of
                  | mutation]
 26336 | Depths:1 | Lost mutation: You often lose your temper in combat.
                  | [potion of mutation]
 26336 | Depths:1 | Gained mutation: You are frail. (-10% HP) [potion of
                  | mutation]
 26337 | Depths:1 | Lost mutation: You are frail. (-10% HP) [potion of
                  | mutation]
 26337 | Depths:1 | Lost mutation: You tend to lose your temper in combat.
                  | [potion of mutation]
 26337 | Depths:1 | Gained mutation: Your movements are slightly less
                  | encumbered by armour. (ER -2) [potion of mutation]
 26337 | Depths:1 | Gained mutation: Armour fits poorly on your strangely
                  | shaped body. [potion of mutation]
 26578 | Depths:1 | Found a gateway to Hell.
 26811 | Depths:1 | Noticed a sphinx
 26816 | Depths:1 | Killed a sphinx
 26830 | Depths:1 | Found Otyptec's Armour Shop.
 26977 | Depths:1 | Found a one-way gate to the infinite horrors of the Abyss.
 27377 | Orc:2    | Bought the Almanac of Scorching Transmigration for 560 gold
                  | pieces
 27417 | Elf:1    | Entered Level 1 of the Elven Halls
 27429 | Orc:2    | Reached skill level 1 in Necromancy
 27507 | Orc:2    | Learned a level 7 spell: Dragon Form
 27733 | Elf:1    | Found Huacogev's Weapon Shoppe.
 27841 | Elf:1    | Paralysed by an air elemental for 1 turns
 27911 | Elf:1    | Paralysed by an air elemental for 1 turns
 28246 | Elf:1    | Paralysed by an air elemental for 1 turns
 28408 | Elf:2    | Reached XP level 17. HP: 158/158 MP: 3/25
 28521 | Elf:2    | Found a runed translucent gate.
 28661 | Elf:2    | Found a runed translucent gate.
 28664 | Elf:2    | Found a runed translucent gate.
 28899 | Elf:3    | Entered Level 3 of the Elven Halls
 29760 | Elf:3    | Noticed Nikola
 29769 | Elf:3    | Killed Nikola
 30323 | Elf:3    | Identified the +3 leather armour of Tenacity {Int+4 Dex+2}
 30326 | Elf:3    | Identified the ring of Light {Fire Will- Str+5 Stlth+}
 30329 | Elf:3    | Noticed a deep elf master archer
 30334 | Elf:3    | Killed a deep elf master archer
 30355 | Elf:3    | Killed a ghostly deep elf master archer
 30392 | Elf:3    | Noticed a deep elf blademaster
 30410 | Elf:3    | Reached skill level 10 in Transmutations
 30414 | Elf:3    | Killed a deep elf blademaster
 30556 | Elf:3    | Noticed a deep elf master archer
 30557 | Elf:3    | Killed a deep elf master archer
 30664 | Elf:3    | Identified the +0 leather armour "Ycoweiv" {rN+ Will+ MP+9
                  | Str+4}
 30679 | Elf:3    | Identified the ring "Idghaps" {Fly rPois Str+2}
 30679 | Elf:3    | Identified the +10 quarterstaff "Axkeag" {flame, rN+ Int+4
                  | Stlth+}
 30680 | Elf:3    | Reached skill level 17 in Unarmed Combat
 30699 | Elf:3    | Identified the +6 short sword "Newtbane" {pain, Will+ Int+3
                  | Dex+2}
 30699 | Elf:3    | Identified the +3 leather armour "Socik" {Rampage Dex+2}
 30885 | Elf:3    | Learned a level 1 spell: Apportation
 30896 | Elf:3    | Got the Reference Book on Enchantment
 31115 | Elf:2    | Reached XP level 18. HP: 167/167 MP: 19/28
 31206 | Elf:2    | Noticed Azrael
 31209 | Elf:2    | Killed Azrael
 31956 | Lair:6   | Found a staircase to the Slime Pits.
 32159 | Lair:6   | Identified the +1 ring mail "Duoge" {rN+}
 32169 | Lair:6   | Learned a level 3 spell: Ozocubu's Armour
 32543 | Shoals:1 | Entered Level 1 of the Shoals
 32591 | Shoals:1 | You are sucked into a shaft and drop 1 floor!
 32849 | Shoals:2 | Noticed Aizul
 32851 | Shoals:2 | Killed Aizul
 32921 | Shoals:3 | Found a transporter.
 32999 | Shoals:3 | Found a transporter.
 33045 | Shoals:3 | Reached skill level 18 in Unarmed Combat
 33175 | Shoals:3 | Found a transporter.
 33179 | Shoals:3 | Found a transporter.
 33195 | Shoals:3 | Found a transporter.
 33205 | Shoals:3 | Found a transporter.
 33743 | Shoals:4 | Entered Level 4 of the Shoals
 34621 | Shoals:4 | Noticed Bai Suzhen
 34630 | Shoals:4 | Killed Bai Suzhen
 34669 | Shoals:4 | Found Oqiut's Distillery.
 34677 | Shoals:4 | Bought a potion of magic for 104 gold pieces
 34677 | Shoals:4 | Bought a potion of ambrosia for 104 gold pieces
 34677 | Shoals:4 | Bought a potion of heal wounds for 65 gold pieces
 34677 | Shoals:4 | Bought a potion of curing for 39 gold pieces
 34677 | Shoals:4 | Bought a potion of cancellation for 104 gold pieces
 34677 | Shoals:4 | Bought a potion of magic for 104 gold pieces
 34677 | Shoals:4 | Bought a potion of might for 52 gold pieces
 34677 | Shoals:4 | Bought a potion of heal wounds for 65 gold pieces
 34772 | Shoals:4 | Identified the amulet "Sehenguy" {RegenMP +Blink +Inv Str+2
                  | Int+3}
 35020 | Shoals:4 | Got a barnacled rune of Zot
 35675 | Shoals:2 | Reached skill level 5 in Necromancy
 35760 | Shoals:2 | Reached XP level 19. HP: 176/176 MP: 20/30
 37425 | Depths:1 | Noticed a golden dragon
 37434 | Depths:1 | Killed a golden dragon
 37828 | Depths:2 | Reached skill level 19 in Unarmed Combat
 38448 | Depths:2 | Found a one-way gate leading to the halls of Pandemonium.
 38717 | Depths:2 | Identified the ring "Fagacs" {Fire Fly rPois rN+}
 38988 | Depths:2 | Noticed a golden dragon
 38992 | Depths:2 | Killed a golden dragon
 39070 | Depths:2 | Identified the +9 great sword of Dismemberment {drain, rF++
                  | rC- Str+10 Int+4}
 39275 | Depths:3 | Found a one-way gateway to a ziggurat.
 40312 | Depths:3 | Noticed a golden dragon
 40314 | Depths:3 | Killed a golden dragon
 40471 | Depths:3 | Noticed a caustic shrike
 40478 | Depths:3 | Killed a caustic shrike
 40635 | Depths:3 | Reached skill level 20 in Unarmed Combat
 40677 | Depths:3 | Reached XP level 20. HP: 191/191 MP: 9/32
 40965 | Depths:4 | Entered Level 4 of the Depths
 40983 | Depths:4 | Reached skill level 10 in Fighting
 41177 | Depths:4 | Noticed Jory
 41182 | Depths:4 | Killed Jory
 41410 | Depths:4 | Found a glowing silver altar of Zin.
 41896 | Lair:2   | Noticed Gastronok
 41905 | Lair:2   | Killed Gastronok
 42132 | Lair:2   | Found a staircase to the Snake Pit.
 42573 | Snake:1  | Entered Level 1 of the Snake Pit
 42826 | Snake:1  | Found Befecriv's Distillery.
 42826 | Snake:1  | Found Eqump's Weapon Shop.
 42828 | Snake:1  | Found Riwec's Jewellery Boutique.
 42833 | Snake:1  | Found Saopt's Book Shop.
 42844 | Snake:1  | Bought a potion of lignification for 33 gold pieces
 42844 | Snake:1  | Bought a potion of lignification for 33 gold pieces
 42844 | Snake:1  | Bought a potion of attraction for 33 gold pieces
 42844 | Snake:1  | Bought a potion of mutation for 88 gold pieces
 42844 | Snake:1  | Bought a potion of curing for 33 gold pieces
 42844 | Snake:1  | Bought a potion of might for 44 gold pieces
 42844 | Snake:1  | Bought a potion of curing for 33 gold pieces
 42845 | Snake:1  | Identified the +3 flail of Untruth {holy, *Noise rPois SInv
                  | Stlth+}
 42929 | Snake:1  | Identified the +9 spear "Nump" {drain, rF+ MP+9 Int+7}
 43032 | Snake:1  | Found Uppoq's Armour Boutique.
 44216 | Snake:2  | Found Kuasuman's Book Emporium.
 44217 | Snake:2  | Found Woutuh's Jewellery Shop.
 44217 | Snake:2  | Found Pavat's Jewellery Shop.
 44234 | Snake:2  | Bought a book of Burglary for 300 gold pieces
 44237 | Snake:2  | Learned a level 2 spell: Passwall
 44485 | Snake:3  | Reached skill level 10 in Spellcasting
 45160 | Snake:3  | Found Keycso's Antique Weapon Emporium.
 45871 | Snake:4  | Entered Level 4 of the Snake Pit
 45921 | Snake:4  | Noticed Vashnia
 46000 | Snake:4  | Killed Vashnia
 46219 | Snake:4  | Reached XP level 21. HP: 200/200 MP: 29/34
 46667 | Snake:4  | Got a serpentine rune of Zot
 47031 | Snake:4  | Reached skill level 21 in Unarmed Combat
 47502 | Slime:1  | Entered Level 1 of the Pits of Slime
 48280 | Slime:5  | Entered Level 5 of the Pits of Slime
 48305 | Slime:5  | Noticed the Royal Jelly
 48310 | Slime:5  | Killed the Royal Jelly
 48312 | Slime:4  | Noticed Dissolution
 48315 | Slime:4  | Killed Dissolution
 49235 | Slime:5  | Found the +9 staff of Wucad Mu {*channel}
 49298 | Slime:5  | Identified the ring "Yffuy" {rElec rN+ EV+4}
 49351 | Slime:5  | Identified the ring of Ufrabui {Str+5 Dex+6}
 49366 | Slime:5  | Identified the +7 scimitar of Spite {protect, rPois rF+ rC-
                  | rCorr}
 49387 | Slime:5  | Got a slimy rune of Zot
 51947 | Vaults:1 | Entered Level 1 of the Vaults
 51959 | Vaults:1 | Reached skill level 10 in Invocations
 52062 | Vaults:1 | Reached skill level 10 in Earth Magic
 52066 | Vaults:1 | Reached XP level 22. HP: 211/211 MP: 35/35
 52181 | Vaults:1 | Found Gobboda's Magic Scroll Shop.
 52278 | Vaults:1 | Noticed Saint Roka
 52281 | Vaults:1 | Killed Saint Roka
 52314 | Vaults:1 | Found a magical portal.
 52319 | WizLab   | Entered Alistair's Party Mansion
 52725 | WizLab   | Reached XP level 23. HP: 222/222 MP: 37/37
 52788 | WizLab   | Identified a scroll of acquirement
 52807 | WizLab   | Acquired a staff of earth
 53247 | WizLab   | Learned a level 8 spell: Necromutation
 53316 | Vaults:1 | Found Ysirch's General Store.
 53624 | Vaults:1 | Found Coadugejohir's Weapon Shop.
 54446 | Vaults:2 | Found a runed translucent door.
 54446 | Vaults:2 | Noticed ragingrage's ghost (adept GrAr)
 54496 | Vaults:2 | Killed ragingrage's ghost
 54497 | Vaults:2 | Reached skill level 22 in Unarmed Combat
 54789 | Vaults:2 | Got Monoifeh's Tome of Necromancy
 55032 | Vaults:2 | Found a staircase to the Crypt.
 55044 | Crypt:1  | Entered Level 1 of the Crypt
 55419 | Crypt:1  | Reached skill level 23 in Unarmed Combat
 56079 | Crypt:1  | Reached XP level 24. HP: 231/231 MP: 26/37
 57445 | Crypt:3  | Entered Level 3 of the Crypt
 57449 | Crypt:3  | Reached skill level 24 in Unarmed Combat
 57788 | Crypt:3  | Found an ancient bone altar of Kikubaaqudgha.
 58240 | Crypt:3  | Found a staircase to the Tomb.
 58374 | Crypt:3  | Reached skill level 25 in Unarmed Combat
 58527 | Crypt:3  | Got the Reference Book on Black Rituals
 58534 | Crypt:3  | Found a basalt altar of Yredelemnul.
 58534 | Crypt:3  | Found an ancient bone altar of Kikubaaqudgha.
 58551 | Crypt:3  | Identified the ring "Zoixzext" {rElec Str+6}
 58557 | Crypt:3  | Identified the +2 buckler of the Vacuum {Will+ Str+3 Dex+2}
 60256 | Vaults:2 | Noticed Mennas
 60261 | Vaults:2 | Killed Mennas
 60269 | Vaults:2 | Identified the +9 trident of Jeuts {flame, rElec Int+2}
 61156 | Vaults:4 | Noticed Xtahua
 61157 | Vaults:4 | Paralysed by Xtahua for 3 turns
 61160 | Vaults:4 | Killed Xtahua
 61289 | Vaults:4 | Reached skill level 26 in Unarmed Combat
 61466 | Vaults:4 | Reached XP level 25. HP: 239/239 MP: 17/37
 62516 | Snake:1  | Bought the amulet of Metiuph {Harm rElec Regen+ MP+9 Dex-4}
                  | for 817 gold pieces
 63081 | Pan      | Entered Pandemonium
 63185 | Pan      | Noticed Fippu the pandemonium lord
 63495 | Pan      | Entered the realm of Lom Lobon.
 63495 | Pan      | Found an exit through the horrors of the Abyss.
 63671 | Pan      | Learned a level 3 spell: Portal Projectile
 63676 | Pan      | Reached skill level 5 in Throwing
 63743 | Pan      | Noticed Lom Lobon
 63749 | Pan      | Killed Lom Lobon
 63758 | Pan      | Got a magical rune of Zot
 64011 | Pan      | Noticed Sabbun the pandemonium lord
 64012 | Pan      | Killed Sabbun the pandemonium lord
 64307 | Pan      | Noticed Xeimp the pandemonium lord
 64308 | Pan      | Killed Xeimp the pandemonium lord
 64312 | Pan      | Identified the ring "Osixital" {Fire rPois Dex+2}
 64335 | Pan      | Entered the realm of Cerebov.
 64523 | Pan      | Identified the ring of Oenomania {rN+ Int+6 SInv}
 64526 | Pan      | Upgraded the game from 0.28-a0-1624-g820543e53a to
                  | 0.28-a0-1629-gf728b707aa
 64612 | Pan      | Identified the +1 long sword "Tumevaq" {freeze, *Corrode
                  | +Blink rF++ rC+}
 64924 | Pan      | Got the Tome of Poisonous Orientation
 64926 | Pan      | Got the Catalogue of Venomous Execration
 65069 | Pan      | Found the +6 sword of Cerebov {flame}
 65069 | Pan      | Noticed Cerebov
 65076 | Pan      | Killed Cerebov
 65231 | Pan      | Got a fiery rune of Zot
 65337 | Pan      | Reached XP level 26. HP: 248/248 MP: 35/37
 65428 | Pan      | Reached skill level 10 in Necromancy
 65457 | Pan      | Entered the realm of Gloorx Vloq.
 65752 | Pan      | Noticed Gloorx Vloq
 65756 | Pan      | Killed Gloorx Vloq
 65781 | Pan      | Got a dark rune of Zot
 65849 | Pan      | Entered the realm of Mnoleg.
 65892 | Pan      | Noticed Mnoleg
 65892 | Pan      | Gained mutation: You are occasionally teleported next to
                  | monsters. [Mnoleg's mutagenic touch]
 65893 | Pan      | Gained mutation: You are frail. (-10% HP) [Mnoleg's
                  | mutagenic touch]
 65897 | Pan      | Killed Mnoleg
 65920 | Pan      | Got a glowing rune of Zot
 66088 | Pan      | Lost mutation: Your movements are slightly less encumbered
                  | by armour. (ER -2) [potion of mutation]
 66088 | Pan      | Lost mutation: You are occasionally teleported next to
                  | monsters. [potion of mutation]
 66088 | Pan      | Lost mutation: Armour fits poorly on your strangely shaped
                  | body. [potion of mutation]
 66088 | Pan      | Gained mutation: You have hidden genetic potential. [potion
                  | of mutation]
 66088 | Pan      | Gained mutation: You sometimes lose the ability to read
                  | scrolls when taking damage. [potion of mutation]
 66088 | Pan      | Gained mutation: You tend to lose your temper in combat.
                  | [potion of mutation]
 66088 | Pan      | Gained mutation: Your spells are a little harder to cast,
                  | but a little more powerful. [potion of mutation]
 66089 | Pan      | Lost mutation: You sometimes lose the ability to read
                  | scrolls when taking damage. [potion of mutation]
 66089 | Pan      | Lost mutation: You are frail. (-10% HP) [potion of
                  | mutation]
 66089 | Pan      | Gained mutation: You are covered in thick fur. (AC +2)
                  | [potion of mutation]
 66090 | Pan      | Lost mutation: Your spells are a little harder to cast, but
                  | a little more powerful. [potion of mutation]
 66090 | Pan      | Lost mutation: You are covered in thick fur. (AC +2)
                  | [potion of mutation]
 66090 | Pan      | Lost mutation: You tend to lose your temper in combat.
                  | [potion of mutation]
 66090 | Pan      | Gained mutation: You are dopey. (Int -2) [potion of
                  | mutation]
 66090 | Pan      | Gained mutation: You sometimes lose the ability to read
                  | scrolls when taking damage. [potion of mutation]
 66090 | Pan      | Gained mutation: You are strong-willed. (Will+) [potion of
                  | mutation]
 66340 | Pan      | Identified the +1 buckler of Fuheg {rC+ Int+5}
 66360 | Pan      | Identified the ring of Melee {rF+ rN+ Str+6}
 66416 | Pan      | Found a glowing golden altar of the Shining One.
 66418 | Pan      | Noticed a seraph
 66422 | Pan      | Killed a seraph
 66433 | Pan      | Got the Papyrus of Curses
 66447 | Pan      | Identified the +7 trident of Anguish {venom, rPois rC+}
 66448 | Pan      | Identified the +5 dagger "Myphi" {freeze, rPois rF++ Dex+5}
 66452 | Pan      | Got a demonic rune of Zot
 66655 | Pan      | Found a white marble altar of Elyvilon.
 66858 | Pan      | Identified the +2 buckler of a wizard's laboratory {rF+
                  | Will+ Int-5}
 66940 | Pan      | Found a glowing silver altar of Zin.
 67608 | Pan      | Reached XP level 27. HP: 261/261 MP: 38/38
 67627 | Pan      | Identified the +6 shortbow of the Apocalypse {speed, Drain
                  | rF+ Str+5 Dex+2}
 68682 | Depths:3 | Escaped Pandemonium
 68817 | Depths:3 | Voluntarily entered the Abyss.
 68894 | Abyss:2  | Lost mutation: You have hidden genetic potential. [a
                  | neqoxec]
 68957 | Abyss:4  | Found a corrupted altar of Lugonu.
 68964 | Abyss:5  | Entered Level 5 of the Abyss
 69776 | Abyss:5  | Found a corrupted altar of Lugonu.
 70150 | Abyss:5  | Got an abyssal rune of Zot
 70173 | Depths:3 | Escaped the Abyss
 70355 | Depths:3 | Learned a level 7 spell: Storm Form
 70936 | Hell     | Entered the Vestibule of Hell
 70936 | Hell     | Noticed Geryon
 70951 | Hell     | HP: 10/261 [reaper (31)]
 70951 | Hell     | Mangled by a skeletal warrior

Illustrated notes

...#...## ####...§# ##
### ......§######....#
....8.####....##.#
......≈##..##.##..
###...##...##....# ##..
..#...#.......##.##....#
#(#...#.8©.##.##....#
.[#...#....##...@#
.©#.8.#.8©....##.'..H∩#
.(#...#....##.##.######
#.#...#.8©.##....#
..#...#.......##.#
###...##...##.##...
......≈##..##....##.
....8.####....##.#
.......#### #.##..


Turn 8004 on Gauntlet: hey minotaur.your a dum bid ##'#### ##†######.. ###.
#.####.... #.#. #......##. .... #...##.... ..# ##########'##.#.# #....
#...........#.##. .# #.##...........'.†.. #≈.#...).......#.##.
#@...........#.##. ##...........#.##. ########'####.... #.#######. ..........
#....#####' #.##.# .. #. .' .. ## .#. ... Turn 26249 on Depths:1: awoo

Levels and vault maps discovered:
D:1:      wander_arrival_peaceful_grave, layout_rooms,
          chequers_ecumenical_altar_island, moated_statue, serial_park_tiny_1,
          kennysheep_crisscross, st_stairs_1, minmay_misc_feat_enclosed
D:2:      layout_basic
D:3:      layout_basic, minmay_hedge_maze, kennysheep_generic_room_5
D:4:      layout_basic, lemuel_round_altar, uniq_sigmund, uniq_robin
D:5:      layout_layer_cave, glass_columns_b, uniq_ijyb
D:6:      layout_cave_pools, mainiacjoe_overflow_alcove_2,
          minmay_temple_entry_mini_moons, serial_shops, nicolae_shop_stone,
          uniq_edmund
D:7:      layout_basic, nicolae_gozag_cash_rules_everything_around_me,
          grunt_temple_overflow_open
D:8:      layout_basic, erik_lair_island, uniq_grum
D:9:      layout_roguey, minmay_st_funbox, minivault_13, uniq_harold
D:10:     minmay_bubble_buster, layout_small_grid, erik_orc_1, serial_shops,
          nicolae_shop_stone, kennysheep_generic_room_9, uniq_nergalle
D:11:     layout_cross, gammafunk_ghost_split, due_unseen_surprise
D:12:     layout_stronghold, serial_shops, nicolae_stop_n_shop_1,
          nzn_wu_jian_council_hall
D:13:     layout_irregular_city, erik_vaults_1, gauntlet_entry_generic
D:14:     layout_cave_pools, serial_co_window_serial,
          co_window_of_opportunity_a, co_window_corner_a,
          co_window_of_opportunity_a, co_window_of_opportunity_a,
          co_window_paths_b, co_window_corner_a, co_window_broadway_b,
          co_window_unsneaky_path_a, co_window_broadway_b, co_window_sun,
          co_window_paths_d, glass_columns_b, glass_columns_a, glass_columns_c,
          glass_columns_b
D:15:     hangedman_depths_entry_civil_slaughter, layout_long_grid,
          fountainhead, gammafunk_ghost_berserking_beasts,
          nicolae_shop_clearance
Temple:   eino_wide_crystal_templ
Lair:1:   layout_regular_city, uniq_maggie
Lair:2:   layout_hall_layers, dummy_snake_entry, special_room
          [special_room_bee], uniq_gastronok
Lair:3:   layout_hall_layers, shoals_dummy_entry,
          portal_ice_cave_entry_pillars_1, lemuel_oklob_altar, uniq_snorg
Lair:4:   lemuel_slime, layout_cave_pods, minivault_27,
          infiniplex_staircase_pool_2, serial_bayou_shore_a, uniq_josephine
Lair:5:   layout_regular_city, chequers_serial_rivers_small_3,
          chequers_serial_rivers_small_3, serial_bayou_shore_b,
          lemuel_fruit_fields
Lair:6:   gammafunk_lair_ancient_temple, layout_long_grid, slime_dummy
Shoals:1: cheibrodos_shoals_roost, layout_shoals
Shoals:2: layout_shoals, uniq_aizul
Shoals:3: layout_shoals, serial_nicolae_subway, nicolae_sub_station_metal,
          nicolae_sub_station_crystal, nicolae_sub_station_stone
Shoals:4: shoals_end_hangedman, layout_shoals, serial_shops, shop,
          uniq_bai_suzhen
Snake:1:  layout_misc_corridors, serial_shops, shop, grunt_ministairs_4,
          grunt_megastairs_3, minmay_shoptagon
Snake:2:  layout_honeycomb, grunt_megastairs_5, minmay_shop_grove
Snake:3:  layout_chambers, serial_shops, nicolae_shop_advertising_works
          [nicolae_subvault_shop_adworks], nicolae_snake_guarding_the_ruins
Snake:4:  minmay_snake_end_coiled, layout_basic, serial_bayou_shore_b,
          uniq_vashnia
Slime:1:  cheibrodos_slime_lost_civilization_9, layout_caves,
          cheibrodos_slime_lost_civilization_6
Slime:2:  layout_caves, cheibrodos_slime_lost_civilization_4
Slime:3:  layout_caves
Slime:4:  layout_caves, uniq_dissolution
Slime:5
Orc:1:    layout_caves, uniq_sonja
Orc:2:    grunt_orc_gardens, layout_caves, grunt_orc_garden, grunt_orc_garden,
          grunt_orc_garden, grunt_orc_garden, lemuel_statue_altar,
          kennysheep_orc_chapel, uniq_nessos
Elf:1:    nicolae_elf_arrival_no_cutting_in_line, layout_gridlike, serial_shops,
          shop_fountains, hangedman_elven_crosses_minicolossus
Elf:2:    elven_hall_of_blades_hangedman_original
          [nicolae_blade_entry_diamond_columns], layout_onion_city, uniq_azrael
Elf:3:    minmay_elf_hall_x, layout_loops_corners, uniq_nikola
Vaults:1: mu_enter_wizlab_1, nicolae_vaults_arrows, ontoclasm_vaults_gallery,
          ontoclasm_vaults_ligature, v_rooms_1, nicolae_vaults_gold_heap,
          v_misc_12, nicolae_vaults_theta, vaults_room_semicircle,
          ontoclasm_vaults_twist, layout_vaults_big_room, serial_shops,
          nicolae_lakefront_shop, shop, nicolae_square_shop, uniq_saint_roka
Vaults:2: hellmonk_ghost_happy_afterlife, hangedman_vaults_corner_blocks,
          vaults_room_door_hall, nicolae_vaults_what_the_h,
          ontoclasm_vaults_claustrophobia, minmay_crypt_entry_simple_statues,
          hangedman_vaults_locks, v_alt_pattern_4,
          nicolae_vaults_network_square, hangedman_vaults_nails,
          nicolae_vaults_alarming, nicolae_vaults_circle_grid_a,
          nicolae_vaults_little_squares_4, vaults_room_pools,
          vaults_room_stairs_pillars, layout_vaults_ring, uniq_mennas
Vaults:3: v_misc_25, nicolae_vaults_network_quincunx
          [nicolae_vaults_network_quincunx_subvault,
          nicolae_vaults_network_quincunx_subvault,
          nicolae_vaults_network_quincunx_subvault,
          nicolae_vaults_network_quincunx_subvault,
          nicolae_vaults_network_quincunx_subvault], v_misc_11,
          nicolae_vaults_hallways_thing, v_misc_29,
          nicolae_vaults_ring_of_whatevers, ontoclasm_vaults_ring_square,
          v_misc_24, vaults_room_corners, vaults_room_grid,
          vaults_mumra_minichess_inversion, vaults_room_pools,
          special_room_vaults [special_room_orc], hangedman_vaults_cutoff,
          layout_vaults_omnicross
Vaults:4: v_rooms_4, nicolae_vaults_holding_cells, v_misc_15,
          nicolae_vaults_circle_grid_b, vaults_mumra_chevron_long,
          ontoclasm_vaults_decontamination, nicolae_vaults_asterisk,
          ontoclasm_vaults_pinch, vaults_dpeg_doors, v_misc_23,
          vaults_dpeg_hooks, nicolae_vaults_theta, grunt_vaults_twisty,
          v_pattern_5, v_misc_24, nicolae_vaults_mini_display_case,
          layout_vaults_maze_bifur, uniq_xtahua
Crypt:1:  layout_catacombs, grunt_crypt_arrival_split
Crypt:2:  layout_misc_corridors, nicolae_elevator_lobby_plus
Crypt:3:  lightli_unholy_cathedral, layout_chaotic_city,
          tomb_entry_forgotten_bobbens, grunt_ministairs_10, minivault_25,
          st_stairs_11, small_statue_intersection,
          lemuel_mausoleum_altar_kikubaaqudgha
Depths:1: layout_gridlike, abyss_entry, serial_shops, shop,
          nicolae_hell_entry_hellmouth_sunbeams, minmay_misc_feat_cross,
          serial_sigils_hangedman_quiver, serial_bayou_pond_c,
          minmay_pinched_square
Depths:2: minmay_bloctagon_deflated, layout_gridville, rand_demon_pan_entry_9,
          patterned_corridor, hell_entry, kennysheep_generic_room_4,
          serial_bayou_shore_b
Depths:3: cross_vault, layout_twisted_cross, enter_ziggurat_d,
          serial_co_window_serial, co_window_paths_a, co_window_corner_a,
          co_window_paths_a, co_window_corner_a, co_window_paths_b,
          co_window_broadway_c, co_window_paths_c, co_window_corner_b,
          co_window_of_opportunity_b, co_window_broadway_b, glass_columns_a,
          glass_columns_a, glass_columns_a, glass_columns_a,
          abyss_entry_crystal, rand_demon_pan_entry_1, hell_entry,
          lemuel_flamethrower_3, infiniplex_staircase_zigzag_2
Depths:4: evilmike_zot_entry_hall, layout_gridlike, elyvilon_altar_4,
          serial_shops, nicolae_shop_overgrown_old_shop, hell_entry,
          zin_statuary, grunt_megastairs_4, uniq_frederick, uniq_margery,
          uniq_jory
Hell

Skill      XL: |  1  2  3  4  5  6  7  8  9 10 11 12 13 14 15 16 17 18 19 20 21 22 23 24 25 26 27 |
---------------+----------------------------------------------------------------------------------+-----
Unarmed Combat | 6 7 8 9 11 12 15 16 17 18 20 21 23 26 | 26.9
Fighting       | 4 5 6 7 8 9 10 11 12 13 | 13.9
Dodging        | 4 5 6 7 8 |  8.2
Armour         | 2 3 |  3.0
Transmutations | 2 3 5 7 10 11 12 14 | 14.3
Spellcasting   | 2 3 5 6 7 8 9 10 11 12 | 12.0
Evocations     | 2 |  2.4
Translocations | 3 6 7 8 |  8.0
Throwing       | 3 4 6 |  6.0
Invocations    | 5 7 8 10 11 13 | 13.0
Shields        | 1 4 5 7 9 |  9.0
Air Magic      | 1 3 4 |  4.1
Earth Magic    | 6 8 10 | 10.7
Necromancy     | 3 4 5 7 8 9 13 | 13.8
Fire Magic     | |  2.1

Action                   |  1- 3 |  4- 6 |  7- 9 | 10-12 | 13-15 | 16-18 | 19-21 | 22-24 | 25-27 || total
-------------------------+-------+-------+-------+-------+-------+-------+-------+-------+-------++-------
Melee: Unarmed           |    49 |    24 |   187 |   541 |  1253 |   891 |   988 |   812 |  1268 ||  6013
       Punch             |     1 |     2 |    12 |    40 |    95 |    20 |    24 |     9 |    23 ||   226
       Scimitar          |       |       |       |       |    37 |     6 |       |       |       ||    43
       Tailslap          |       |       |       |       |       |    16 |    21 |    12 |    19 ||    68
       Bite              |       |       |       |       |       |    10 |    14 |    14 |    20 ||    58
Throw: Dart              |       |       |     2 |     2 |     6 |       |     1 |       |       ||    11
       Javelin           |       |       |       |       |     6 |       |       |       |       ||     6
 Cast: Wereblood         |       |       |       |     3 |     5 |    10 |    18 |    21 |    23 ||    80
       Manifold Assault  |       |       |       |       |    38 |   275 |   340 |   397 |   613 ||  1663
       Passage of Golubr |       |       |       |       |     2 |     9 |       |       |     3 ||    14
       Statue Form       |       |       |       |       |       |    35 |    35 |     1 |     2 ||    73
       Sublimation of Bl |       |       |       |       |       |   131 |   290 |   236 |   373 ||  1030
       Dragon Form       |       |       |       |       |       |    46 |    78 |    65 |    82 ||   271
       Ozocubu's Armour  |       |       |       |       |       |     3 |     3 |     3 |       ||     9
       Blink             |       |       |       |       |       |     2 |     1 |     1 |       ||     4
       Apportation       |       |       |       |       |       |     1 |     4 |    30 |     6 ||    41
       Passwall          |       |       |       |       |       |       |       |       |    18 ||    18
       Necromutation     |       |       |       |       |       |       |       |       |     7 ||     7
       Storm Form        |       |       |       |       |       |       |       |       |     1 ||     1
Invok: Fiery Armour      |     1 |       |     1 |     1 |       |       |       |       |       ||     3
       Foxfire Swarm     |       |     1 |       |       |       |       |       |       |       ||     1
       Rising Flame      |       |       |       |     1 |       |       |       |       |       ||     1
       Temporal Distorti |       |       |       |       |     2 |     2 |       |       |     2 ||     6
       Slouch            |       |       |       |       |     1 |     2 |     5 |     1 |       ||     9
       Bend Time         |       |       |       |       |       |     1 |       |       |       ||     1
 Abil: End Transformatio |       |       |       |       |       |     7 |    12 |     5 |     5 ||    29
       Breathe Fire      |       |       |       |       |       |     2 |     1 |       |     1 ||     4
Evoke: Wand              |       |       |    24 |     9 |    17 |    11 |     2 |       |       ||    63
  Use: Potion            |       |       |     2 |     8 |    16 |     5 |     1 |     1 |    12 ||    45
       Scroll            |       |       |       |    12 |    27 |     4 |     2 |     3 |     8 ||    56
 Stab: Sleeping          |       |       |       |     2 |     8 |       |     5 |       |       ||    15
       Distracted        |       |       |       |     1 |       |     1 |       |       |     1 ||     3
       Paralysed         |       |       |       |       |     3 |       |       |       |       ||     3
Armor: Robe              |    15 |     3 |    27 |   201 |   383 |    11 |       |       |       ||   640
       Animal skin       |       |       |    36 |     3 |       |       |       |       |       ||    39
       Troll leather arm |       |       |       |    49 |   122 |    30 |    15 |     2 |    51 ||   269
       Skin              |       |       |       |    12 |    41 |   169 |   231 |    61 |   134 ||   648
Dodge: Dodged            |    27 |    16 |   105 |   309 |   807 |   243 |   289 |    81 |   190 ||  2067
Block: Kite shield       |       |       |       |       |   145 |   113 |   343 |    46 |    53 ||   700
       Other             |       |       |       |       |       |    11 |    47 |    37 |     1 ||    96
       Reflection        |       |       |       |       |       |     3 |    52 |    21 |     1 ||    77

Table legend: (Time is in decaauts)
 A = Elapsed time spent in this place.
 B = Non-inter-level travel time spent in this place.
 C = Inter-level travel time spent in this place.
 D = Time resting spent in this place.
 E = Time spent auto-exploring this place.
 F = Levels seen in this place.
 G = Mean time per level.
                   A        B        C        D        E       F      G
               +--------+--------+--------+--------+--------+-----+--------+
         Total | 107349 |  94715 |  12634 |  10214 |  55606 |  70 | 1533.6 |
       Dungeon |  22302 |  17321 |   4981 |   1775 |  11409 |  15 | 1486.8 |
        Temple |     68 |     39 |     29 |      0 |     26 |   1 |   68.0 |
          Lair |  11682 |   9492 |   2190 |    524 |   7186 |   6 | 1947.0 |
        Shoals |   7190 |   6952 |    238 |    904 |   3975 |   4 | 1797.5 |
     Snake Pit |   9312 |   8504 |    808 |    621 |   6211 |   4 | 2328.0 |
    Slime Pits |   6402 |   5878 |    524 |   1437 |   3100 |   5 | 1280.4 |
  Orcish Mines |   3497 |   3185 |    312 |    911 |   1294 |   2 | 1748.5 |
   Elven Halls |   7287 |   6888 |    399 |    803 |   3763 |   3 | 2429.0 |
        Vaults |   8071 |   7536 |    535 |    353 |   5857 |   4 | 2017.8 |
         Crypt |   6585 |   6079 |    506 |    254 |   4543 |   3 | 2195.0 |
        Depths |  11694 |   9589 |   2105 |   1338 |   4005 |   4 | 2923.5 |
          Hell |     12 |     12 |      0 |      0 |      0 |   1 |   12.0 |
         Abyss |   1966 |   1966 |      0 |    169 |      0 |   5 |  393.2 |
   Pandemonium |   8072 |   8072 |      0 |    765 |   2668 |  10 |  807.2 |
      Ice Cave |   1521 |   1521 |      0 |      0 |   1049 |   1 | 1521.0 |
        Wizlab |   1288 |   1288 |      0 |    277 |    347 |   1 | 1288.0 |
      Gauntlet |    394 |    394 |      0 |     79 |    169 |   1 |  394.0 |
               +--------+--------+--------+--------+--------+-----+--------+

Top non-repeatable levels by time:
Depths:3: 4152 daAuts
Depths:1: 4070 daAuts
   Elf:3: 3435 daAuts
Vaults:2: 3306 daAuts
 Snake:3: 3230 daAuts
    D:15: 3152 daAuts
    D:10: 2796 daAuts
 Crypt:1: 2692 daAuts
Shoals:4: 2606 daAuts
Depths:2: 2547 daAuts
 Crypt:3: 2522 daAuts
Vaults:1: 2406 daAuts
   Orc:2: 2353 daAuts
Vaults:4: 2311 daAuts
  Lair:4: 2247 daAuts
